[Event "Hungarian Championship Men 2022"]
[Site "Budapest"]
[Date "2022.12.05"]
[Round "1.1"]
[White "Berkes, Ferenc"]
[Black "Kozak, Adam"]
[Result "1/2-1/2"]
[ECO "C44"]
[WhiteElo "2643"]
[BlackElo "2538"]
[Annotator "TA"]
[PlyCount "61"]
[EventDate "2022.12.03"]
[EventType "tourn"]
[EventCountry "HUN"]
[SourceTitle "playchess.com"]
[Source "ChessBase"]
[SourceQuality "1"]
[TimeControl "40/5400+30:1800+30"]

1. e4 e5 2. Nf3 Nc6 3. d4 exd4 4. Nxd4 Nf6 5. Nxc6 bxc6 6. Bd3 d5 7. exd5 cxd5 8. O-O Be7 9. c4 O-O {[%emt 0:00:30] The position is equal.} 10. cxd5 {[%emt 0:00:19] 10.Nc3 deserves study. C45: Scotch Game.} Nxd5 11. Qf3 Be6 12. Rd1 c6 13. Nc3 Qb6 14. Rb1 Rad8 15. h3 {[%emt 0:00:40] [#]} Nxc3 $146 ({Predecessor:} 15... Rfe8 16. Bd2 h6 17. Be4 Bd6 18. b3 Bf8 19. Nxd5 Bxd5 20. Bxd5 cxd5 21. Rbc1 Bc5 {½-½ (39) Koronowski,H (2046)-Zholob,A (2083) LSS email 2020}) 16. bxc3 Qa5 (16... Qc5 {keeps more tension.} 17. c4 Qe5 18. Bb2 Qg5) 17. Qxc6 Bf5 18. Qf3 {[%emt 0:00:26] [#] And now Rb5 would win.} Bxd3 19. Rxd3 Qxa2 20. Rb7 Bf6 21. Rxd8 Rxd8 22. Be3 Qa1+ 23. Kh2 Qxc3 24. Rxa7 h6 25. Ra8 Rxa8 26. Qxa8+ $11 {[%emt 0:00:08] KQB-KQB} Kh7 27. Qe4+ g6 28. g3 Qb3 29. Kg2 h5 30. Qf3 Bg7 31. Bf4 {[%emt 0:00:07] An interesting draw.   Weighted Error Value: White=0.00 (flawless) /Black=0.00 (flawless)} 1/2-1/2

[Event "Hungarian Championship Men 2022"]
[Site "Budapest"]
[Date "2022.12.05"]
[Round "1.2"]
[White "Fodor, Tamas Jr."]
[Black "Nagy, Gabor"]
[Result "1/2-1/2"]
[ECO "C41"]
[WhiteElo "2517"]
[BlackElo "2482"]
[Annotator "TA"]
[PlyCount "74"]
[EventDate "2022.12.03"]
[EventType "tourn"]
[EventCountry "HUN"]
[SourceTitle "playchess.com"]
[Source "ChessBase"]
[SourceQuality "1"]
[TimeControl "40/5400+30:1800+30"]

1. e4 e5 2. Nf3 d6 3. d4 exd4 4. Nxd4 Nf6 5. Nc3 Be7 6. Be2 O-O 7. O-O Re8 8. f4 Bf8 9. Bf3 c6 10. Re1 {[%emt 0:05:31] C41: Philidor Defence.} Nbd7 11. Be3 Qc7 12. Bf2 {[%emt 0:01:38] White is slightly better.} Nc5 13. h3 a5 14. Qd2 {[%emt 0:01:32] [#]} Bd7 $146 ({Predecessor:} 14... a4 15. Bh4 Nfd7 16. b4 axb3 17. axb3 Rxa1 18. Rxa1 g6 19. Bf2 Bh6 20. b4 Ne6 {½-½ (31) Shkuran,D (2386)-Sevostianov,P (2263) Lvov 2015}) 15. Bh4 b5 16. e5 {[%emt 0:05:33] Against b4} dxe5 17. fxe5 Rxe5 18. Ncxb5 Rxe1+ 19. Rxe1 Qb6 20. Bf2 (20. Kh1 $11 {remains equal.}) 20... Re8 21. Rxe8 Bxe8 22. Nc3 Qxb2 23. Nxc6 Bxc6 24. Bxc6 Ne6 25. a4 Bb4 26. Nd1 Qe5 27. Qe3 Qd6 28. Bf3 Bc5 29. Qc3 {[%emt 0:06:04] [#]} Ne4 $1 30. Qxa5 {[%emt 0:07:13] aiming for Qa8+.} Nxf2 31. Nxf2 Qd4 32. Qe1 Qxa4 33. Qd2 Qa1+ 34. Qd1 Qa7 35. Qe1 Qa4 36. Qd2 $1 Qa1+ (36... Nd4 $5 37. Qc3 Qxc2 38. Qxc2 Nxc2 $17) 37. Qd1 Qa7 {[%emt 0:02:53] Weighted Error Value: White=0.08 (flawless) /Black=0.08 (flawless)} (37... Qf6 $17) 1/2-1/2

[Event "Hungarian Championship Men 2022"]
[Site "Budapest"]
[Date "2022.12.05"]
[Round "1.3"]
[White "Papp, Gabor"]
[Black "Horvath, Adam"]
[Result "0-1"]
[ECO "E11"]
[WhiteElo "2564"]
[BlackElo "2501"]
[Annotator "TA"]
[PlyCount "72"]
[EventDate "2022.12.03"]
[EventType "tourn"]
[EventCountry "HUN"]
[SourceTitle "playchess.com"]
[Source "ChessBase"]
[SourceQuality "1"]
[TimeControl "40/5400+30:1800+30"]

1. d4 Nf6 2. c4 e6 3. Nf3 Bb4+ 4. Nbd2 b6 5. a3 Bxd2+ 6. Qxd2 Bb7 7. e3 O-O 8. b4 {[%emt 0:00:55] E14: Queen's Indian: Classical Variation (4 e3).} a5 9. b5 {[%emt 0:10:53] [#]} d5 $1 $146 {[%emt 0:00:22][%mdl 8] An important novelty.} ({Predecessor:} 9... d6 10. Bb2 Nbd7 11. Be2 Ne4 12. Qc2 f5 13. O-O Qe7 14. a4 Ng5 15. Ne1 Nh3+ 16. Kh1 Qh4 17. Bf3 Bxf3 18. Nxf3 Qh5 19. c5 bxc5 20. dxc5 Nxc5 {0-1 (27) Sarana,A (2654)-Moradiabadi,E (2555) Chess.com INT 2020}) 10. a4 {[%emt 0:05:23] White is slightly better.} Ne4 11. Qc2 c5 12. dxc5 Nxc5 13. Bb2 Nbd7 14. Be2 Rc8 15. O-O Qe7 16. Rfd1 Rfd8 17. Qc3 Nf6 18. Qa3 Nfe4 (18... dxc4 $5 19. Rd4 Nfe4 20. Bxc4 Nd6 $15) 19. Rac1 h6 (19... dxc4 {is more appropriate.} 20. Bxc4 Rxd1+ 21. Rxd1 h6) 20. cxd5 $11 Bxd5 21. Nd4 (21. Bd4 $11) 21... Qh4 $17 22. g3 Qg5 {[%emt 0:25:29] Black is more active.} (22... Qh3 {seems wilder.} 23. Bf1 Qh5 24. Be2 Qg5) 23. Rf1 (23. Nc6 $17 Bxc6 24. bxc6) 23... Qg6 24. Rcd1 (24. Rfd1 $17 {was worth a try.}) 24... h5 (24... e5 $19 25. Nc6 Bxc6 26. bxc6 Qxc6) 25. Nc6 $15 Re8 {[%emt 0:02:01] Inhibits Ne7+.} ({Black should play} 25... Bxc6 $15 26. Rxd8+ Rxd8 27. bxc6 Rc8) 26. Ne5 (26. f3 $5 Bxc6 27. bxc6 Nxg3 28. hxg3 Qxg3+ 29. Kh1 $11) 26... Qh6 (26... Qg5 $11) 27. Bd4 $2 (27. f3 $14 Ng5 28. h4) 27... h4 $1 $19 28. Ng4 (28. Bf3 {was called for.}) 28... Qg6 29. Ne5 Qh6 $40 {[%emt 0:00:53][%mdl 128] Black attacks.} 30. Ng4 $1 Qg5 31. Be5 Qg6 32. f3 {[%emt 0:00:56] Against f5} Ng5 {[%emt 0:00:27] Hoping for ...f5. Pair of Knights!} 33. e4 {[#] Against f5} (33. gxh4 $2 Nxf3+ $1 34. Rxf3 Qxg4+ 35. Rg3 Qxe2 $19) 33... Ncxe4 {[%emt 0:00:06][%cal Of7f5] aiming for ...f5!} 34. Bd3 $2 {[%emt 0:02:29][%mdl 8192] Against f5} (34. Qe3 $17 Nc5 35. gxh4 Nh3+ 36. Kh1) 34... Nh3+ {[%emt 0:00:31] Black is clearly winning.} 35. Kg2 {[%emt 0:00:29][%cal Of3e4] [#]} Qxg4 ({Weaker is} 35... f5 36. fxe4 Ba8 37. Ne3 (37. Kxh3 $2 {perishes.} Qxg4+ 38. Kg2 hxg3 $19) 37... hxg3 38. hxg3 $16 (38. Kxh3 $2 Qh6+ 39. Kg2 Qxe3 $19)) 36. fxg4 (36. fxe4 $142 Bb7 37. Bb1) 36... Nef2+ {[%emt 0:00:09] Weighted Error Value: White=0.61/Black=0.35} ({But not} 36... Nxg3+ 37. Kxh3 Nxf1 38. Rxf1 $18) 0-1

[Event "Hungarian Championship Men 2022"]
[Site "Budapest"]
[Date "2022.12.05"]
[Round "1.4"]
[White "Korpa, Bence"]
[Black "Horvath, Csaba"]
[Result "1-0"]
[ECO "A05"]
[WhiteElo "2500"]
[BlackElo "2502"]
[Annotator "TA"]
[PlyCount "79"]
[EventDate "2022.12.03"]
[EventType "tourn"]
[EventCountry "HUN"]
[SourceTitle "playchess.com"]
[Source "ChessBase"]
[SourceQuality "1"]
[TimeControl "40/5400+30:1800+30"]

1. Nf3 Nf6 2. g3 d6 3. Bg2 e5 4. O-O g6 5. d4 Nbd7 6. dxe5 {[%emt 0:09:20] A05: Réti Opening: 1 Nf3 Nf6.} dxe5 7. b3 Bg7 8. Ba3 {[%emt 0:16:16] White is slightly better.} e4 {[%emt 0:09:24] [#]} 9. Ng5 $146 ({Predecessor:} 9. Nfd2 e3 10. Nc4 Ng4 11. f3 Bxa1 12. fxg4 Nb6 13. Qc1 Nxc4 14. bxc4 Be5 15. Bd5 {0-1 (26) Martinez Rodriguez,P (2285)-Oratovsky,M (2495) Pontevedra 2015}) 9... h6 10. Nh3 c5 11. Qd6 a5 (11... Nh5 $11 12. c3 Qb6) 12. Nc3 $36 {[%emt 0:12:17][%cal Oc3b5][%mdl 2048] Threatens to win with Nb5! White has good play.} (12. Bxc5 $2 Bf8 13. Qd2 Bxc5 $19) 12... Ra6 13. Qd2 O-O 14. Rad1 Qe7 15. Nf4 {[%emt 0:01:06] Inhibits a4.} a4 16. b4 {[%emt 0:08:26][%cal Bb3b4,Bb4b5][%mdl 32] White is much more active.} (16. bxa4 Nb6 $11) (16. Nxa4 $2 b5 17. c4 bxa4 $19) 16... Nb6 (16... cxb4 17. Ncd5 Qd8 18. Nxf6+ (18. Qxb4 Re8 $16) (18. Nxb4 Ra7 $16) (18. Bxb4 Re8 $16) 18... Qxf6 19. Nd5 $16 (19. Bxb4 Re8 $16) (19. Qxb4 Qe5 $16)) 17. b5 Nc4 18. Ncd5 ({White should try} 18. Qc1 $16 Ra5 19. Ncd5 Nxd5 20. Nxd5) 18... Qe5 {[%emt 0:00:52] [#]} (18... Qe8 $11 19. Qc3 Qxb5 20. Ne7+ (20. Nc7 Qa5 $15) 20... Kh7) 19. Qc3 $1 $18 Qxc3 20. Nxc3 Ra5 (20... Nxa3 $16 21. bxa6 bxa6 22. Nxe4 (22. Bxe4 g5 $16) 22... Nxe4) 21. Bxc5 Re8 22. Rd4 Nb2 23. Bb4 ({Don't play} 23. Nxe4 $6 Nxe4 24. Rxe4 Rxe4 25. Bxe4 Rxb5 $14) 23... Ra7 24. Ba3 ({But not} 24. Bxe4 $6 g5 $16) ({Better is} 24. Nxe4 $18 {aiming for Nd6.} Nxe4 25. Rxe4 Rxe4 26. Bxe4) 24... Nd7 $2 (24... Nh5 $16) 25. Rxe4 Rxe4 26. Nxe4 {[%emt 0:00:07] [#] Strongly threatening Nd6.} Nc4 {[%emt 0:00:08] Against Nd6} 27. Bb4 Ndb6 28. Rd1 Bd7 29. Nd5 (29. Nd6 $142 {Hoping for Nxc4.} Nxd6 30. Rxd6) 29... Nxd5 30. Rxd5 Be6 (30... b6 {is more resistant.} 31. e3 Be6 32. Rd8+ Kh7) 31. Rd8+ {[%emt 0:00:42] White is clearly winning.} Kh7 32. Be7 {[%emt 0:00:50] White threatens Nf6+ and mate.} g5 33. Nf6+ Kg6 34. Rg8 b6 35. Bd8 Nd6 36. Bxb6 Re7 37. Bd4 Nxb5 38. Ba1 Nd6 39. g4 Bxa2 40. Nd5 {[%emt 0:00:00] Weighted Error Value: White=0.34/Black=0.46} 1-0

[Event "Hungarian Championship Men 2022"]
[Site "Budapest"]
[Date "2022.12.05"]
[Round "1.5"]
[White "Grigoriants, Sergey"]
[Black "Prohaszka, Peter"]
[Result "1/2-1/2"]
[ECO "D37"]
[WhiteElo "2550"]
[BlackElo "2562"]
[Annotator "TA"]
[PlyCount "61"]
[EventDate "2022.12.03"]
[EventType "tourn"]
[EventCountry "HUN"]
[SourceTitle "playchess.com"]
[Source "ChessBase"]
[SourceQuality "1"]
[TimeControl "40/5400+30:1800+30"]

1. c4 e6 2. Nc3 d5 3. d4 Nf6 4. Nf3 h6 5. a3 c6 6. e3 Nbd7 7. Bd3 Bd6 8. e4 dxe4 9. Nxe4 Nxe4 10. Bxe4 O-O 11. O-O e5 {[%emt 0:08:05] D46: Semi-Slav: 5 e3 Nbd7 6 Bd3, Black avoids the Meran.} 12. Bc2 f5 {[%emt 0:04:19] [#]} (12... exd4 {looks sharper.} 13. Qxd4 Bc7 14. Bf4 Nf6) 13. c5 $146 {[%emt 0:12:14] Inhibits e4.} ({Predecessor:} 13. dxe5 Nxe5 14. Nxe5 Bxe5 15. Qh5 Qf6 16. Rb1 Be6 17. b3 Bd4 18. Qf3 Rad8 19. Be3 {½-½ (34) Castanheira,A (1905)-Kievelitz,B (1842) Sao Martinho do Porto 2018}) 13... Be7 (13... Bb8 $11) 14. dxe5 $16 {[%emt 0:05:54] Hoping for b4.} Nxc5 15. Qe2 Qe8 16. Nd4 Kh8 17. Be3 {[%emt 0:07:33] White is more active.} Qg6 18. Rad1 Ne6 {[%emt 0:08:22][%cal Bc5e6,Be6c7,Bc7d5][%mdl 32] [#]} 19. Nb3 (19. Nxf5 $1 $16 Nf4 20. Bxf4 Bxf5 21. Bxf5 Qxf5 22. Bg3) 19... Nc7 20. f4 b6 $1 21. Qf3 c5 {[%emt 0:00:26] Inhibits Nd4.} 22. Nc1 Rb8 23. Ne2 $1 Bb7 24. Qh3 Nd5 25. Bc1 {[%emt 0:00:37] And now Ng3 would win.} Rbd8 26. Ng3 Bc8 27. Ne2 Nc7 28. Nc3 Rxd1 29. Rxd1 Qc6 30. Be3 Bb7 (30... b5 $1 $11) 31. Rd2 {[%emt 0:00:31] Weighted Error Value: White=0.12 (very precise) /Black=0.14 (very precise)} (31. Bxf5 $2 {[#] is the wrong capture.} Rxf5 $1 32. Rd2 Qe6 $19) 1/2-1/2

[Event "Hungarian Championship Men 2022"]
[Site "Budapest"]
[Date "2022.12.06"]
[Round "2.1"]
[White "Kozak, Adam"]
[Black "Prohaszka, Peter"]
[Result "1/2-1/2"]
[ECO "C28"]
[WhiteElo "2538"]
[BlackElo "2562"]
[Annotator "TA"]
[PlyCount "194"]
[EventDate "2022.12.03"]
[EventType "tourn"]
[EventCountry "HUN"]
[SourceTitle "playchess.com"]
[Source "ChessBase"]
[SourceQuality "1"]
[TimeControl "40/5400+30:1800+30"]

1. e4 e5 2. Nc3 Nf6 3. Bc4 Nc6 4. d3 Na5 5. Nge2 Nxc4 6. dxc4 Bc5 7. O-O d6 8. Qd3 Be6 9. Ng3 g6 10. b3 a6 11. Bd2 Nd7 12. Kh1 h5 13. f4 exf4 14. Bxf4 Ne5 15. Qd2 h4 16. Nf5 gxf5 17. exf5 Bxf5 18. Nd5 Be4 19. Rae1 Bxd5 20. Qxd5 f6 21. Bxe5 dxe5 22. Qxc5 Qe7 23. Qd5 c6 24. Qd3 Rg8 25. Qh3 Rg5 26. Re4 Kd8 27. Rxh4 Kc7 28. Rh7 Rg7 29. Rxg7 Qxg7 30. Qf5 Rd8 31. g3 Rf8 32. Kg2 Qd7 33. Qxd7+ Kxd7 34. g4 Ke6 35. h4 Rd8 36. h5 Rd2+ 37. Rf2 Rd1 38. Rf1 Rd2+ $1 39. Rf2 Rd1 $1 40. Kf3 Rh1 41. Kg3 Rd1 42. a4 a5 43. Rh2 Kf7 44. Kf3 Kg7 (44... Rg1 $16 45. Rd2 Ke8) 45. Rf2 $2 (45. h6+ $18 Kh7 46. g5 fxg5 47. Kg4) 45... Rd4 $16 46. Kg3 Rd1 47. Kg2 Rd4 48. Kf3 Kh6 (48... Kf7 $16) 49. Kg3 $18 Kg7 50. Rf3 $1 Rd1 51. Rd3 $1 Rg1+ 52. Kf3 Rf1+ 53. Kg2 Rc1 (53... Rf4 {is a better defense.} 54. Rd7+ Kh6) 54. Rd7+ $18 Kh6 55. Rxb7 Rxc2+ 56. Kg3 f5 57. gxf5 Kxh5 {[%emt 0:00:35] [#]} 58. Re7 $1 Rc3+ 59. Kf2 Rxb3 60. Rxe5 Rb4 {[%emt 0:01:04] [#]} 61. Rxa5 $2 (61. Rc5 $1 $18) 61... Rxc4 $11 62. Ke3 (62. Ra8 $5 Rf4+ 63. Ke3 Rxf5 64. a5 $18) 62... Kg5 63. Kd3 Rb4 64. Kc3 $1 c5 65. Ra8 Kxf5 66. a5 $1 Kg6 67. Ra6+ Kf7 68. Rc6 Ra4 69. Rxc5 Ke6 70. Kb3 Ra1 71. Kb4 Kd6 72. Rc4 $1 Rb1+ 73. Ka4 (73. Ka3 $5 ) 73... Ra1+ 74. Kb5 Rb1+ 75. Ka6 (75. Ka4 $5 ) 75... Kd7 76. Ka7 Ra1 77. a6 (77. Rc5 $5) 77... Rb1 78. Rc5 Rb2 79. Rh5 Kc7 80. Rh7+ Kc8 81. Rb7 Ra2 82. Rb5 Kc7 83. Rc5+ Kd7 (83... Kd6 $2 84. Rc1 $18) 84. Rb5 Kc7 85. Rb3 Ra1 86. Rc3+ Kd7 87. Rh3 Rb1 88. Rg3 Kc7 89. Rg7+ Kc8 90. Rg6 Kc7 91. Rf6 (91. Rg7+ Kc6) 91... Rb2 92. Rf7+ (92. Rf1 $5 ) 92... Kc8 93. Rf8+ Kc7 94. Ka8 ({But not} 94. Rf7+ $6 Kd6 $14) 94... Rb1 95. a7 Rc1 96. Rb8 Rc2 97. Rc8+ Kxc8 1/2-1/2

[Event "Hungarian Championship Men 2022"]
[Site "Budapest"]
[Date "2022.12.06"]
[Round "2.2"]
[White "Horvath, Csaba"]
[Black "Grigoriants, Sergey"]
[Result "1/2-1/2"]
[ECO "E04"]
[WhiteElo "2502"]
[BlackElo "2550"]
[Annotator "TA"]
[PlyCount "63"]
[EventDate "2022.12.03"]
[EventType "tourn"]
[EventCountry "HUN"]
[SourceTitle "playchess.com"]
[Source "ChessBase"]
[SourceQuality "1"]
[TimeControl "40/5400+30:1800+30"]

1. Nf3 d5 2. d4 Nf6 3. c4 e6 4. g3 dxc4 5. Bg2 Bb4+ 6. Bd2 a5 7. Qc2 {[%emt 0:03:16] E04: Open Catalan: 5 Nf3.} Bxd2+ 8. Qxd2 c6 9. a4 b5 10. axb5 cxb5 11. Qg5 O-O 12. Qxb5 Ba6 13. Qxa5 (13. Rxa5 $2 Bxb5 14. Rxa8 Bc6 $19) (13. Qa4 {simplifies} Qb6 14. O-O Qxb2 15. Nbd2) 13... Bb7 $1 14. Qxd8 Rxa1 {[%emt 0:00:20][%mdl 64] [#]} (14... Rxd8 15. Rxa8 Bxa8 16. e3 $16) 15. Qxf8+ Kxf8 {[%emt 0:00:06] The position is equal.} 16. O-O {[%emt 0:00:45] And now Ne5 would win.} Ra2 17. Nbd2 Bxf3 ({Don't play} 17... Rxb2 18. Nxc4 Rb4 19. Rc1 $16) 18. Nxf3 Rxb2 {[%emt 0:00:55][%cal Oc4c3] ...c3! is the strong threat.} 19. Rc1 {[%emt 0:01:20] Against c3} Rxe2 20. Rxc4 {[%emt 0:00:24] [#] Black must now prevent Rc8+.} Nbd7 21. Rc7 {[%emt 0:01:23] [#]} Ra2 $146 ({Predecessor:} 21... Ke7 22. Kf1 Ra2 23. Ne5 Ra1+ 24. Ke2 Ra2+ 25. Kf1 Ra1+ 26. Ke2 Ra2+ 27. Kf1 {½-½ (27) Johannsson,B (2165)-Guz,A (2305) Cala Gonone 2022}) 22. Bf1 Ke7 23. Ne5 {[%emt 0:08:57] Threatens to win with Rb7.} Kd8 24. Rb7 {[%emt 0:00:54] aiming for Nxd7.} Nxe5 25. dxe5 $11 {[%emt 0:00:08][%mdl 4096] Endgame KRB-KRN} Nd7 26. f4 Kc8 27. Rb3 Kd8 28. Bb5 Ke7 29. Bxd7 Kxd7 30. Rb7+ Ke8 31. Rb8+ Ke7 32. Rb7+ {[%emt 0:00:05] Weighted Error Value: White=0.03 (flawless) /Black=0.02 (flawless)} 1/2-1/2

[Event "Hungarian Championship Men 2022"]
[Site "Budapest"]
[Date "2022.12.06"]
[Round "2.3"]
[White "Horvath, Adam"]
[Black "Korpa, Bence"]
[Result "0-1"]
[ECO "B03"]
[WhiteElo "2501"]
[BlackElo "2500"]
[Annotator "TA"]
[PlyCount "112"]
[EventDate "2022.12.03"]
[EventType "tourn"]
[EventCountry "HUN"]
[SourceTitle "playchess.com"]
[Source "ChessBase"]
[SourceQuality "1"]
[TimeControl "40/5400+30:1800+30"]

1. e4 Nf6 2. e5 Nd5 3. d4 d6 4. c4 Nb6 5. exd6 cxd6 6. Nc3 g6 7. Nf3 Bg7 8. h3 O-O 9. Be2 Nc6 10. O-O Bf5 11. b3 (11. Bf4 {with more complications.} e5 12. Bg5 Qd7 13. dxe5 dxe5 14. c5) 11... d5 $1 {[%emt 0:15:29] B04: Alekhine's Defence: 4 Nf3.} 12. c5 (12. Be3 $11) 12... Nd7 $15 13. Bb2 b6 (13... Be4 $11) 14. cxb6 Nxb6 15. Qd2 {[%emt 0:07:51] [#]} Be4 $146 ({Predecessor:} 15... Qd7 16. Bb5 Qb7 17. Rfe1 Bd7 18. Rac1 e6 19. Ba3 Rfe8 20. Qf4 Nd8 21. Bf1 h6 {0-1 (32) Barnes,C-Kaufman,L Atlantic City 1972}) 16. Nb5 a6 17. Na3 Bxf3 (17... Nd7 {feels hotter.} 18. Ng5 Bh6 19. Nb1 Bxb1 20. Raxb1 e5) 18. Bxf3 e6 19. Rac1 Qd6 20. Nc2 {[%emt 0:00:12] Against Qb4} Rfc8 21. g3 h5 22. h4 Ne7 {[%emt 0:07:07] Black is more active.} 23. Ne3 Nd7 24. Rxc8+ Rxc8 25. Rc1 Rxc1+ 26. Qxc1 Qb6 27. Be2 a5 (27... Bxd4 28. Bxd4 Qxd4 29. Qc7 $16) 28. Qc3 (28. Nc2 $15 {feels stronger.}) 28... Nb8 $17 {[%emt 0:01:35] White is on the road to losing.} 29. g4 Nbc6 30. Nc2 hxg4 31. Bxg4 Nb4 32. Nxb4 axb4 33. Qe3 (33. Qd2 $17) 33... Qa7 34. h5 gxh5 35. Bxh5 Qxa2 36. Qf4 {[%emt 0:00:57] [#]} Qb1+ $1 (36... Qxb2 37. Bxf7+ Kh7 38. Qh4+ Bh6 39. Qxe7 Qb1+ 40. Kg2 $11) 37. Bc1 Ng6 (37... Qxb3 38. Bxf7+ Kf8 39. Bxe6+) 38. Qb8+ (38. Bxg6 {might work better.} Qxg6+ 39. Kh2) 38... Kh7 39. Qc7 Qf5 (39... Qxb3 $2 40. Kh2 $19 (40. Qxf7 $2 Qc2 $19)) 40. Qh2 {[%emt 0:00:00] Hoping for Bg4+.} Kg8 (40... Bxd4 41. Bxg6+ Kg8 42. Bxf5 exf5 43. Qg3+ Kf8 44. Qb8+ Kg7 45. Qg3+ Kf8 46. Qd6+ Kg8 47. Qg3+ Kf8) 41. Be3 Qb1+ 42. Kg2 {[%emt 0:00:05] [#]} Bxd4 $1 43. Bxd4 ({Much weaker is} 43. Qb8+ Kh7 44. Bxd4 Qe4+ 45. Kg1 Qxd4 $19) 43... Qe4+ (43... Qxb3 {leads to mate.} 44. Bxg6) 44. Kf1 {[%emt 0:00:03] Bxg6 would kill now.} Qxd4 45. Bxg6 fxg6 $19 {[%emt 0:03:29][%mdl 4096] Endgame KQ-KQ} 46. Qd6 (46. Qc7 {was the only chance.}) 46... Kf7 47. f4 Qf6 {[%emt 0:09:33] Threatens to win with ...g5.} 48. Ke2 Qe7 ({Don't blunder} 48... Qb2+ $2 49. Ke1 $19) 49. Qb8 Qc5 50. Kf3 (50. Kd3 $142) 50... d4 {[%emt 0:00:06] aiming for ...d3.} 51. Ke4 {[%emt 0:00:54] Inhibits d3.} Qc3 {[%emt 0:02:04][%csl Gd4][%cal Rc3e3] Black mates.} 52. Qa7+ Kf6 53. Qxd4+ Qxd4+ 54. Kxd4 Kf5 55. Kc4 Kxf4 56. Kxb4 g5 {[%emt 0:00:37] Weighted Error Value: White=0.57/Black=0.05 (flawless)} 0-1

[Event "Hungarian Championship Men 2022"]
[Site "Budapest"]
[Date "2022.12.06"]
[Round "2.4"]
[White "Nagy, Gabor"]
[Black "Papp, Gabor"]
[Result "1/2-1/2"]
[ECO "A05"]
[WhiteElo "2482"]
[BlackElo "2564"]
[Annotator "TA"]
[PlyCount "61"]
[EventDate "2022.12.03"]
[EventType "tourn"]
[EventCountry "HUN"]
[SourceTitle "playchess.com"]
[Source "ChessBase"]
[SourceQuality "1"]
[TimeControl "40/5400+30:1800+30"]

1. Nf3 Nf6 2. c4 e6 3. Nc3 d5 4. e3 Bd6 5. d4 b6 6. Bd3 Bb7 7. O-O O-O 8. b3 Nbd7 9. cxd5 exd5 10. Bb2 a6 11. Rc1 Ne4 12. Ne2 Qe7 13. Ng3 {[%emt 0:01:27] E14: Queen's Indian: Classical Variation (4 e3).} f5 14. Qc2 c6 15. Qe2 {[%emt 0:00:39] Black is slightly better.} a5 16. a4 Rae8 {[%emt 0:08:21] [#]} 17. Rc2 $146 ({Predecessor:} 17. Rfe1 Qe6 18. Qc2 Qh6 19. Nf1 f4 20. exf4 Bxf4 21. Rcd1 c5 22. Ng3 Ndf6 23. dxc5 {0-1 (29) Pacic,A-Apsner,J (1929) ICCF email 2005}) 17... Qf6 18. Nd2 Qh4 19. Re1 Re6 20. f4 (20. Ngf1 $15) 20... Bb4 (20... Nxg3 {seems wilder.} 21. Qf2 Rfe8 22. Nf3 Qh5) 21. Ngf1 Nxd2 (21... Qe7 $17 22. g4 g6 23. Bxe4 fxe4) 22. Nxd2 $15 Rfe8 {[%emt 0:02:50] Black wants to play ...Rxe3.} ({Don't play} 22... Rh6 23. Nf3 Qh5 24. Bc3 $11) 23. Qf2 (23. Bxf5 {looks sharper.} Rxe3 24. Qxe3 Rxe3 25. Rxe3 Qxf4 26. Rf3) 23... Qxf2+ (23... Qf6 {simplifies} 24. Re2 Bxd2 25. Rcxd2 Qg6) 24. Kxf2 g6 25. Bc3 Nf6 {[%emt 0:00:35][%cal Oe6e3] [#] Hoping for ...Rxe3!} 26. h3 Bd6 {[%emt 0:02:01][%cal Od6f4] And now ...Bxf4! would win.} (26... c5 $5 27. Re2 Rc8 28. dxc5 bxc5 29. Bxf6 Rxf6 $11) 27. g3 Ne4+ 28. Nxe4 fxe4 (28... dxe4 $2 29. Bc4 $18) 29. Be2 Ra8 30. h4 Be7 31. Kg2 {[%emt 0:01:47] Weighted Error Value: White=0.18 (very precise) /Black=0.16 (very precise)} 1/2-1/2

[Event "Hungarian Championship Men 2022"]
[Site "Budapest"]
[Date "2022.12.06"]
[Round "2.5"]
[White "Berkes, Ferenc"]
[Black "Fodor, Tamas Jr."]
[Result "1/2-1/2"]
[ECO "D43"]
[WhiteElo "2643"]
[BlackElo "2517"]
[Annotator "TA"]
[PlyCount "57"]
[EventDate "2022.12.03"]
[EventType "tourn"]
[EventCountry "HUN"]
[SourceTitle "playchess.com"]
[Source "ChessBase"]
[SourceQuality "1"]
[TimeControl "40/5400+30:1800+30"]

1. d4 d5 2. c4 c6 3. Nf3 Nf6 4. Nc3 e6 5. cxd5 exd5 6. Qc2 Be7 {[%emt 0:03:57] D35: Queen's Gambit Declined: Exchange Variation.} 7. h3 O-O 8. Bf4 g6 9. e3 Bf5 10. Bd3 Bxd3 11. Qxd3 Bd6 12. O-O Re8 {[%emt 0:02:33] [#]} 13. Ne5 $146 ({Predecessor:} 13. Bxd6 Qxd6 14. Ne5 Nbd7 15. f4 Ne4 16. Nxe4 dxe4 17. Qb3 Nxe5 18. fxe5 Qd5 19. Qc2 {1-0 (33) Castellet Menchon,C (1767)-Lozano Diaz,A (1916) Cerdanyola del Valles 2012}) 13... Qe7 14. Rab1 a5 15. Rfc1 Nbd7 16. Nxd7 Qxd7 17. Bxd6 Qxd6 18. Na4 h5 19. Rc2 Kg7 20. Qa3 Ne4 21. Nc5 (21. Qxd6 {simplifies} Nxd6 22. h4 f6 23. g3) 21... Qe7 22. Nxe4 Qxe4 23. Rbc1 g5 24. Qd6 Re6 25. Qc7 Re7 26. Qd6 Re6 27. Qc7 Re7 28. Qd6 Re6 29. Qc7 {[%emt 0:00:08] A balanced but interesting game.   Weighted Error Value: White=0.04 (flawless) /Black=0.07 (flawless)} 1/2-1/2

[Event "Hungarian Championship Men 2022"]
[Site "Budapest"]
[Date "2022.12.07"]
[Round "3.1"]
[White "Fodor, Tamas Jr."]
[Black "Kozak, Adam"]
[Result "1/2-1/2"]
[ECO "D35"]
[WhiteElo "2517"]
[BlackElo "2538"]
[Annotator "TA"]
[PlyCount "66"]
[EventDate "2022.12.03"]
[EventType "tourn"]
[EventCountry "HUN"]
[SourceTitle "playchess.com"]
[Source "ChessBase"]
[SourceQuality "1"]
[TimeControl "40/5400+30:1800+30"]

1. d4 Nf6 2. c4 e6 3. Nc3 d5 4. cxd5 exd5 5. Bg5 c6 6. e3 Be7 7. Qc2 Nbd7 8. Bd3 Nh5 9. Bxe7 Qxe7 10. O-O-O Nb6 11. h3 g6 12. Nf3 {[%emt 0:00:34] The position is equal.} Be6 {[%emt 0:00:17] D36: Queen's Gambit Declined: Exchange Variation: Main line (5 Bg5 c6 6 Qc2).} 13. Kb1 O-O-O 14. Na4 Kb8 {[%emt 0:00:23] [#]} 15. Nxb6 $146 ({Predecessor:} 15. Rc1 Ng7 16. Nc5 Bf5 17. Bxf5 Nxf5 18. a4 Nc4 19. Rhe1 Ka8 20. Ka2 Rhe8 21. b3 {½-½ (36) Mis,M (2412)-Kozak,A (2522) Reinstorf 2022}) 15... axb6 16. Qb3 Qc7 17. a4 Nf6 18. Ng5 Rhe8 19. Rc1 Ne4 20. Bxe4 dxe4 21. Nxe6 Rxe6 22. Rc2 Red6 23. Rhc1 Rd5 24. Rc4 f5 25. g3 R8d7 26. h4 Qd8 27. R1c3 Ra5 28. Rc1 Rdd5 29. Qc2 b5 30. Rb4 Qb6 31. Qb3 Qa6 32. axb5 Rdxb5 33. Rxb5 Rxb5 {[%emt 0:00:18] An interesting draw.   Weighted Error Value: White=0.02 (flawless) /Black=0.03 (flawless)} 1/2-1/2